 Dungeon Crawl Stone Soup version 0.20.0-8-g6b59dc7 (webtiles) character file.

152 smedtjen the Skirmisher (level 5, 0/42 HPs)
             Began as a Demonspawn Abyssal Knight on May 30, 2017.
             Was a Believer of Lugonu.
             Slain by an ogre
             ... wielding a +0 giant club
              (17 damage)
             ... on level 4 of the Dungeon.
             The game lasted 00:12:07 (4464 turns).

smedtjen the Skirmisher (Demonspawn Abyssal Knight) Turns: 4464, Time: 00:12:08

Health: 0/42       AC: 14    Str: 13    XL:     5   Next: 11%
Magic:  0/6        EV:  0    Int: 13    God:    Lugonu [**....]
Gold:   199        SH: 11    Dex: 13    Spells: 4/4 levels left

rFire    . . .     SeeInvis .   a - +1 hand axe
rCold    . . .     Gourm    .   o - +0 large shield
rNeg     . . .     Faith    .   p - +1 plate armour
rPois    .         Spirit   +   (no helmet)
rElec    .         Reflect  .   (no cloak)
rCorr    .         Harm     .   (no gloves)
MR       .....                  (no boots)
Stlth    ..........             (no amulet)
Regen    0.2/turn               (no ring)
MPRegen  0.1/turn               (no ring)

@: no status effects
A: molten scales 1, magic shield, rot immunity
a: Depart the Abyss, Bend Space, Renounce Religion


You were on level 4 of the Dungeon.
You worshipped Lugonu.
Lugonu was pleased with you.
You were not hungry.

You visited 1 branch of the dungeon, and saw 4 of its levels.
You visited the Abyss 1 time.

You collected 199 gold pieces.

Inventory:

Hand Weapons
 a - a +1 hand axe (weapon)
 j - a +0 hand axe
 k - a +0 halberd
 l - a +0 hunting sling
Missiles
 m - 9 stones (quivered)
Armour
 b - a +0 leather armour
 h - a +2 chain mail of magic resistance
 i - a +1 ring mail of cold resistance
 o - a +0 large shield (worn)
 p - a +1 plate armour (worn)
Jewellery
 d - an uncursed ring of see invisible {unknown}
Scrolls
 n - a scroll of remove curse
 q - a scroll of enchant armour
 s - 2 scrolls of identify
Potions
 e - a potion of heal wounds {unknown}
 f - 2 potions of curing
 g - a potion of magic {unknown}
 t - a potion of haste {unknown}
Comestibles
 c - a bread ration


   Skills:
 + Level 3.7 Fighting
 + Level 2.5 Axes
 + Level 3.2 Armour
 + Level 1.1 Dodging
 + Level 0.4 Stealth
 + Level 1.4 Shields
 + Level 2.6 Invocations


You had 4 spell levels left.
You didn't know any spells.

Dungeon Overview and Level Annotations

Branches:
Dungeon (4/15)
 Temple: D:4-7

Altars:
Fedhas
Gozag
Vehumet

Annotations:
D:4 1 transporter


Innate Abilities, Weirdness & Mutations

You are partially covered in molten scales. (AC +2)
When hurt, damage is shared between your health and your magic reserves.
You are immune to rotting.


Message History

The ogre is moderately wounded.
The ogre hits you but does no damage.
Your shield and plate armour prevent you from hitting the ogre.
The ogre is moderately wounded.
The ogre hits you with a giant club.
Your shield and plate armour prevent you from hitting the ogre.
The ogre is lightly wounded.
You block the ogre's attack.
Your shield and plate armour prevent you from hitting the ogre.
The ogre is lightly wounded.
The ogre hits you with a giant club! You block the ogre's attack.
You hit the ogre.
The ogre is moderately wounded.
Your shield and plate armour prevent you from hitting the ogre.
The ogre is moderately wounded.
The ogre hits you with a giant club!
You hit the ogre.
The ogre is moderately wounded.
You block the ogre's attack. The ogre hits you with a giant club!!
You die...

.... #########...# ####.
#......##...# ©.8#.####
#.####.##...# (.P#.#...
#...#<.##...#
+###....######.#..##...#
..≈#....#.# #.#..##...#
..≈#......# #.#..##...#
..≈#....#.# #.#........
⌠.;#...@#.# #.#.###...#
..≈#...O#.####.#.#######
..≈#....#..).#.#.....# #
..≈#....####.#.#####.# #
+###....# #.#.......# #
/.P#....# #.###########
..8#.%..# #.#..........
####....# #.##.########
#.##.#


You could see an ogre and an electric eel.

Vanquished Creatures
  3 gnolls (D:2)
  3 adders
  3 oozes
  2 worms (D:2)
  9 orcs
  10 bats
  3 giant cockroaches
  6 goblins
  6 hobgoblins
  3 quokkas
  A ball python (D:3)
  5 frilled lizards
  6 kobolds
  11 rats
71 creatures vanquished.

Vanquished Creatures (others)
  2 orcs (D:3)
2 creatures vanquished.

Grand Total: 73 creatures vanquished

Notes
Turn   | Place    | Note
-------+----------+-------------------------------------------
     0 | Abyss:1  | smedtjen the Demonspawn Abyssal Knight began the quest for the Orb.
     0 | Abyss:1  | Reached XP level 1. HP: 18/18 MP: 2/2
    43 | Abyss:1  | Noticed a thrashing horror
    43 | D:1      | Escaped the Abyss
   340 | D:1      | Gained mutation: When hurt, damage is shared between your health and your magic reserves. [demonic ancestry]
   340 | D:1      | Reached XP level 2. HP: 23/24 MP: 3/3
   385 | D:1      | Reached * piety under Lugonu
   755 | D:1      | Reached skill level 1 in Dodging
  1241 | D:2      | Gained mutation: You are immune to rotting. [demonic ancestry]
  1241 | D:2      | Reached XP level 3. HP: 29/29 MP: 4/4
  2147 | D:2      | Gained mutation: You are partially covered in molten scales. (AC +2) [demonic ancestry]
  2147 | D:2      | Reached XP level 4. HP: 12/36 MP: 1/5
  2477 | D:2      | Found an opulent altar of Gozag.
  2978 | D:2      | Found a blossoming altar of Fedhas.
  3211 | D:3      | Reached ** piety under Lugonu
  3211 | D:3      | Reached skill level 1 in Shields
  3745 | D:3      | Reached XP level 5. HP: 42/42 MP: 4/6
  4226 | D:3      | Found a radiant altar of Vehumet.
  4452 | D:4      | Noticed an ogre
  4453 | D:4      | Found a transporter.
  4464 | D:4      | Slain by an ogre

Skill      XL: |  1  2  3  4 |
---------------+-------------+-----
Armour         | 2 3 |  3.2
Axes           | 2 |  2.5
Dodging        | 1 |  1.1
Shields        | 1 |  1.4
Fighting       | |  3.7
Stealth        | |  0.4
Invocations    | |  2.6

Action                   |  1- 3 |  4- 6 || total
-------------------------+-------+-------++-------
Melee: Hand axe          |   138 |   172 ||   310
Invok: Depart the Abyss  |     1 |       ||     1
  Use: Scroll            |     5 |     4 ||     9
       Potion            |     1 |       ||     1
 Stab: Sleeping          |     1 |       ||     1
  Eat: Chunk             |     3 |     3 ||     6
       Meat ration       |     1 |       ||     1
       Bread ration      |       |     1 ||     1
Armor: Leather armour    |    21 |       ||    21
       Ring mail         |     4 |       ||     4
       Chain mail        |    43 |     8 ||    51
       Plate armour      |       |   134 ||   134
Dodge: Dodged            |    54 |     5 ||    59
Block: Large shield      |    39 |   124 ||   163
